 Dungeon Crawl Stone Soup version 0.21.0 (webtiles) character file.

1566 Clarigatio the Caller (level 8, -3/61 HPs)
             Began as a Hill Orc Summoner on Apr 4, 2018.
             Was a Priest of Yredelemnul.
             Shot with an arrow by a centaur (16 damage)
             ... on level 7 of the Dungeon.
             The game lasted 01:47:18 (7053 turns).

Clarigatio the Caller (Hill Orc Summoner)           Turns: 7053, Time: 01:47:19

Health: -3/61      AC:  3    Str: 11    XL:     8   Next: 90%
Magic:  24/25      EV: 12    Int: 17    God:    Yredelemnul [***...]
Gold:   408        SH:  0    Dex: 11    Spells: 7/17 levels left

rFire    . . .     SeeInvis .   f - +0 spear
rCold    . . .     Gourm    .   (no shield)
rNeg     . . .     Faith    .   Q - +1 robe {MR+}
rPois    +         Spirit   .   (no helmet)
rElec    .         Reflect  .   (no cloak)
rCorr    .         Harm     .   (no gloves)
MR       +....                  (no boots)
Stlth    ++........             (no amulet)
HPRegen  0.20/turn              N - ring of magical power
MPRegen  0.19/turn              D - ring of poison resistance

@: no status effects
A: no striking features
a: Recall Undead Slaves, Injury Mirror, Animate Dead, Renounce Religion


You were on level 7 of the Dungeon.
You worshipped Yredelemnul.
Yredelemnul was most pleased with you.
You were not hungry.

You visited 1 branch of the dungeon, and saw 7 of its levels.
You also visited: Sewer.

You collected 408 gold pieces.

Inventory:

Hand Weapons
 d - a +0 dagger
 f - a +0 spear (weapon)
 l - a +4 falchion
 p - a +0 longbow
 A - a +2 hand axe of flaming
 O - a +2 dagger of flaming
 P - a +4 short sword
 S - a +2 whip of electrocution
 U - a +0 shortbow
 X - a +0 blowgun
Missiles
 e - 260 arrows
 i - 259 stones
 k - 92 sling bullets
 y - 7 javelins
 B - 28 poisoned needles
 G - 2 tomahawks
 I - 28 bolts
 L - 3 steel javelins (quivered)
Armour
 a - a +0 robe
 Q - a +1 robe of magic resistance (worn)
 T - a +0 animal skin
Jewellery
 g - an uncursed ring of see invisible
 r - an uncursed amulet of rage
 D - a ring of poison resistance (right hand)
 N - a ring of magical power (left hand)
 V - an uncursed ring of protection from fire
Wands
 R - a wand of disintegration (13)
 Y - a wand of iceblast (11)
Scrolls
 h - 2 scrolls of fog
 m - 2 scrolls of identify
 q - a scroll of enchant armour {unknown}
 t - 2 scrolls of remove curse
 u - a scroll of noise {unknown}
 v - 2 scrolls of blinking {unknown}
 x - 3 scrolls of magic mapping {unknown}
 z - a scroll of fear {unknown}
 C - a scroll of amnesia
 H - 3 scrolls of teleportation
 J - a scroll of immolation {unknown}
 K - a scroll of random uselessness {unknown}
Potions
 j - a potion of haste
 n - a potion of brilliance {unknown}
 o - a potion of magic {unknown}
 s - 3 potions of degeneration {unknown}
 w - 2 potions of curing {unknown}
 E - a potion of agility {unknown}
 F - 2 potions of lignification {unknown}
 M - 4 potions of flight
Books
 b - a book of Callings

   Spells                             Type                      Level
   a - Summon Small Mammal            Summoning                    1
   b - Call Imp                       Summoning                    2
   c - Call Canine Familiar           Summoning                    3
   d - Summon Guardian Golem          Hexes/Summoning              3
   e - Summon Lightning Spire         Summoning/Air                4
   f - Summon Ice Beast               Ice/Summoning                4
Comestibles
 c - 6 rations


   Skills:
 + Level 1.9 Fighting
 + Level 4.4 Polearms
 + Level 0.3 Throwing
 + Level 2.5 Dodging
 + Level 3.3 Stealth
 + Level 5.4 Spellcasting
   Level 0.1 Hexes
 + Level 6.4 Summonings
 + Level 2.2 Invocations


You had 7 spell levels left.
You knew the following spells:

 Your Spells              Type           Power        Failure   Level  Hunger
a - Summon Small Mammal   Summ           ####         1%          1    None
b - Call Canine Familiar  Summ           ####....     2%          3    ##.....
c - Summon Ice Beast      Ice/Summ       ###.....     34%         4    ####...
d - Call Imp              Summ           ####....     1%          2    #......


Dungeon Overview and Level Annotations

Branches:
Dungeon (7/15)             Temple (0/1) D:5

Altars:
Elyvilon
Fedhas
Kikubaaqudgha
Uskayaw
Yredelemnul

Annotations:
D:2 Sigmund


Message History

Magic restored.
A centaur comes into view.
Casting: Call Canine Familiar
Confirm with . or Enter, or press ? or * to list all spells.
The centaur wields a shortbow.
The centaur shoots an arrow.
The arrow barely misses your hound. The arrow hits you!
* * * LOW HITPOINT WARNING * * *
The centaur shoots an arrow.
The arrow closely misses your hound. The arrow hits you!
* * * LOW HITPOINT WARNING * * *
Your crimson imp blinks!
The centaur shoots an arrow.
The arrow hits your hound!
As you read the scroll of fog, it crumbles to dust.
The scroll dissolves into smoke.
Something hits your hound.
Your hound dies!
Your hound's corpse disappears in a puff of smoke!
The centaur wields a shortbow.
The centaur shoots an arrow.
The arrow hits you!
You die...
Your body rises from the dead as a mindless zombie.

...... #..).......#.#
###### ##.#.#.###.#.#
#.#...# #.#
#.##..#####.###.# #
#...............# #.
###....####.#####
#.####....# #...
####.........# #########
.........@#########.....##
...........§c§§§§§§(......
...##......§§§§§###§....##
. #......§§§§§# #.(...#
#...........# #.....#
#...........# #...c.#
#.#####.##### #.5...# #.
#.# #.....# #. #.# #######


You could see a centaur.

Vanquished Creatures
  An ogre (D:5)
  A wyvern skeleton (D:7)
  A crimson imp (D:5)
  A quasit (D:7)
  A centaur zombie (D:6)
  2 hounds (D:5)
  A bullfrog skeleton (D:6)
  A hound zombie (D:7)
  2 hound skeletons (D:4)
  2 adders
  An ooze (D:3)
  A worm (D:2)
  6 giant cockroaches
  2 hobgoblins
  3 jackals (D:2)
  A quokka (D:4)
  2 ball pythons (D:2)
  6 bats
  10 frilled lizards
  4 goblins
  3 kobolds
  A leopard gecko skeleton (D:4)
  A quokka skeleton (D:4)
  13 rats
67 creatures vanquished.

Vanquished Creatures (collateral kills)
  Pikel (D:7)
  A water moccasin (D:6)
  Duvessa (D:6)
  An orc warrior (D:6)
  3 slaves (D:7)
  2 centaurs (D:7)
  4 ogres
  A wyvern zombie (D:7)
  Dowan (D:6)
  2 scorpions
  2 howler monkeys (D:4)
  A crimson imp (D:5)
  2 hounds (D:5)
  3 jellies
  2 orc wizards (D:6)
  2 bullfrog skeletons (D:7)
  6 worker ants
  A merfolk siren (Sewer)
  A merfolk avatar (Sewer)
  4 gnolls (D:6)
  3 adders
  A river rat (Sewer)
  A shadow imp (D:5)
  An adder zombie (D:5)
  3 worms (D:6)
  A dart slug (D:2)
  3 leopard geckos
  7 orcs
  2 giant cockroaches
  8 jackals
  2 kobolds
  4 quokkas
  5 ball pythons
  A bat (D:3)
  5 frilled lizards
  15 rats
103 creatures vanquished.

Vanquished Creatures (others)
  2 flying skulls (D:7)
  A human (D:6)
  A wight (D:6)
  An ogre skeleton (D:5)
  A human skeleton (D:7)
  2 elf zombies (D:6)
  2 orc skeletons (D:6)
  A frilled lizard skeleton (D:4)
  A frilled lizard zombie (Sewer)
  A giant cockroach zombie (Sewer)
  2 jackal skeletons (D:5)
  An orc zombie (D:6)
  3 rat zombies (Sewer)
19 creatures vanquished.

Grand Total: 189 creatures vanquished

Notes
Turn   | Place    | Note
-------+----------+-------------------------------------------
     0 | D:1      | Clarigatio the Hill Orc Summoner began the quest for the Orb.
     0 | D:1      | Reached XP level 1. HP: 14/14 MP: 3/3
   761 | D:1      | Reached XP level 2. HP: 12/20 MP: 2/4
  1004 | D:2      | Found a white marble altar of Elyvilon.
  1179 | D:2      | Found a basalt altar of Yredelemnul.
  1188 | D:2      | Became a worshipper of Yredelemnul the Dark
  1326 | D:2      | Reached XP level 3. HP: 10/26 MP: 3/5
  1349 | D:2      | Learned a level 3 spell: Summon Guardian Golem
  1671 | D:2      | Noticed Sigmund
  2380 | D:3      | Found a blossoming altar of Fedhas.
  2483 | D:3      | Learned a level 3 spell: Call Canine Familiar
  2502 | D:3      | Reached * piety under Yredelemnul
  2512 | D:3      | Reached skill level 1 in Polearms
  2583 | D:3      | Found a hide-covered altar of Uskayaw.
  2629 | D:3      | Reached XP level 4. HP: 23/33 MP: 7/7
  2944 | D:4      | Reached skill level 1 in Fighting
  2944 | D:4      | Reached XP level 5. HP: 16/40 MP: 5/8
  2955 | D:4      | Learned a level 4 spell: Summon Ice Beast
  3154 | D:4      | Noticed an ogre
  3165 | D:4      | Killed an ogre
  3506 | D:4      | Reached XP level 6. HP: 47/47 MP: 5/10
  3646 | D:4      | Reached ** piety under Yredelemnul
  3706 | D:5      | Entered Level 5 of the Dungeon
  3715 | D:5      | Reached skill level 5 in Summonings
  3918 | D:5      | Reached XP level 7. HP: 51/52 MP: 6/11
  3970 | D:5      | Found a staircase to the Ecumenical Temple.
  4157 | D:5      | Reached skill level 1 in Invocations
  4307 | D:6      | Found a glowing drain.
  4350 | Sewer    | Entered a sewer
  4488 | Sewer    | Reached *** piety under Yredelemnul
  4873 | D:6      | Noticed Duvessa
  4873 | D:6      | Noticed Dowan
  5094 | D:6      | Received a gift from Yredelemnul (a wight)
  5684 | D:6      | Killed Duvessa
  5684 | D:6      | Reached XP level 8. HP: 54/59 MP: 9/14
  5708 | D:6      | Killed Dowan
  5956 | D:6      | Your ally Duvessa died
  5985 | D:6      | Found an ancient bone altar of Kikubaaqudgha.
  6018 | D:6      | Learned a level 2 spell: Call Imp
  6025 | D:6      | Your ally Dowan died
  6394 | D:7      | Reached skill level 6 in Summonings
  6445 | D:7      | Received a gift from Yredelemnul (2 flying skulls)
  6565 | D:7      | Noticed Pikel
  6574 | D:7      | Killed Pikel
  6574 | D:7      | Reached skill level 5 in Spellcasting
  7053 | D:7      | Shot with an arrow by a centaur

Skill      XL: |  1  2  3  4  5  6  7  8 |
---------------+-------------------------+-----
Dodging        | 2 |  2.5
Stealth        | 2 3 |  3.3
Spellcasting   | 2 3 4 5 |  5.4
Polearms       | 1 2 3 4 |  4.4
Fighting       | 1 |  1.9
Summonings     | 5 6 |  6.4
Invocations    | 1 2 |  2.2
Throwing       | |  0.3
Hexes          | |  0.1

Action                   |  1- 3 |  4- 6 |  7- 9 || total
-------------------------+-------+-------+-------++-------
Melee: Spear             |   225 |    86 |   195 ||   506
 Fire: Longbow           |     2 |       |       ||     2
Throw: Javelin           |       |     5 |     4 ||     9
 Cast: Summon Small Mamm |    27 |    10 |    77 ||   114
       Summon Guardian G |     3 |       |       ||     3
       Call Canine Famil |     2 |    12 |    44 ||    58
       Call Imp          |       |       |    22 ||    22
Invok: Animate Remains   |       |     3 |     2 ||     5
       Animate Dead      |       |       |     7 ||     7
  Use: Scroll            |     6 |     1 |     5 ||    12
       Potion            |     2 |     2 |     4 ||     8
 Stab: Sleeping          |     4 |     4 |     7 ||    15
       Distracted        |     2 |     1 |     7 ||    10
  Eat: Chunk             |     5 |     5 |    11 ||    21
       Ration            |     1 |       |     2 ||     3
Armor: Robe              |    47 |     7 |    11 ||    65
Dodge: Dodged            |   119 |    41 |    96 ||   256
